 Dungeon Crawl Stone Soup version 0.29-a0-96-g93358da72b (webtiles) character file.

Game seed: 563641838110824138

1454 innerfire433 the Cudgeller (level 8, -10/64 HPs)
             Began as a Demonspawn Monk on Feb 12, 2022.
             Was a Priest of Nemelex Xobeh.
             Mangled by an ogre (13 damage)
             ... on level 6 of the Dungeon.
             The game lasted 00:06:02 (4908 turns).

innerfire433 the Cudgeller (Demonspawn Monk)        Turns: 4908, Time: 00:06:05

Health: -10/64     AC:  8    Str: 13    XL:     8   Next: 47%
Magic:  8/8        EV: 11    Int: 12    God:    Nemelex Xobeh [***...]
Gold:   199        SH:  0    Dex: 16    Spells: 7/7 levels left

rFire   . . .      SeeInvis .   u - +2 whip (freeze)
rCold   . . .      Faith    .   (no shield)
rNeg    . . .      Spirit   .   d - +0 scale mail
rPois   .          Reflect  .   r - +0 helmet
rElec   .          Harm     .   (no cloak)
rCorr   .          Rampage  .   (no gloves)
Will    +....                   q - +0 pair of boots
Stlth   +.........              (no amulet)
HPRegen 0.20/turn               e - ring of willpower
MPRegen 0.11/turn               (no ring)

@: brilliant, attractive
A: hooves 2, foul stench 1
a: Renounce Religion, Draw Escape, Draw Destruction, Draw Summoning, Triple Draw


You were on level 6 of the Dungeon.
You worshipped Nemelex Xobeh.
Nemelex Xobeh was most pleased with you.
You visited 1 branch of the dungeon, and saw 5 of its levels.

You collected 199 gold pieces.

Inventory:

Hand Weapons
 a - a +0 mace
 u - a +2 whip of freezing (weapon)
Armour
 b - a +0 robe
 d - a +0 scale mail (worn)
 q - a +0 pair of boots (worn)
 r - a +0 helmet (worn)
Jewellery
 e - a ring of willpower (left hand)
Scrolls
 f - 3 scrolls of noise {unknown}
 g - 2 scrolls of silence {unknown}
 h - 4 scrolls of identify {unknown}
 m - a scroll of vulnerability {unknown}
 o - 2 scrolls of amnesia {unknown}
 s - a scroll of teleportation {unknown}
 v - a scroll of fog {unknown}
Potions
 c - 3 potions of brilliance
 i - a potion of attraction
 j - a potion of degeneration {unknown}
 k - 2 potions of haste {unknown}
 l - a potion of heal wounds {unknown}
 n - a potion of flight {unknown}
 p - a potion of curing {unknown}
 t - a potion of magic {unknown}
 w - a potion of lignification {unknown}


   Skills:
 + Level 6.1 Fighting
 * Level 7.2 Maces & Flails
 + Level 5.6 Dodging
 - Level 1.8 Stealth


You had 7 spell levels left.
You didn't know any spells.
Your spell library contained the following spells:

 Spells                   Type           Power      Damage    Failure   Level
 Summon Small Mammal      Summ           0%         N/A       86%         1
 Corpse Rot               Necr/Air       0%         N/A       94%         2
 Poisonous Vapours        Pois/Air       0%         N/A       94%         2
 Static Discharge         Conj/Air       0%         N/A       94%         2
 Sublimation of Blood     Necr           0%         N/A       94%         2
 Call Canine Familiar     Summ           0%         N/A       99%         3
 Summon Guardian Golem    Hex/Summ       0%         N/A       99%         3
 Dispel Undead            Necr           0%         3d6       100%        4
 Petrify                  Tmut/Erth      0%         N/A       100%        4
 Sticky Flame             Conj/Fire      0%         2d3       100%        4
 Irradiate                Conj/Tmut      0%         3d13      100%        5
 Summon Forest            Summ/Tloc      0%         N/A       100%        5
 Eringya's Noxious Bog    Tmut/Pois      0%         N/A       100%        6
 Summon Hydra             Summ           0%         N/A       100%        7


Dungeon Overview and Level Annotations

Branches:
Dungeon (4/15)
 Temple: D:4-7

Altars:
Nemelex Xobeh
Vehumet
Xom


Innate Abilities, Weirdness & Mutations

You have hoof-like feet.
You may rarely emit foul miasma when damaged in melee.


Message History

The steam dragon is lightly wounded.
The steam dragon bites you but does no damage.
The steam dragon misses you.
An ogre comes into view. It is wielding a +0 giant club.
You barely miss the steam dragon.
The steam dragon is lightly wounded.
The ogre shouts!
The steam dragon closely misses you. The steam dragon claws you.
You closely miss the steam dragon.
The steam dragon is lightly wounded.
The steam dragon bites you. The steam dragon completely misses you.
You closely miss the steam dragon.
The steam dragon is lightly wounded.
You hit the steam dragon. You freeze the steam dragon.
The steam dragon is lightly wounded.
The steam dragon barely misses you. The steam dragon claws you.
You hit the steam dragon but do no damage.
The steam dragon is lightly wounded.
The steam dragon breathes steam at you. The ball of steam hits you!
You hit the steam dragon. You freeze the steam dragon.
Your punch misses the steam dragon.
The steam dragon is moderately wounded.
You are engulfed in a cloud of scalding steam.
* * * LOW HITPOINT WARNING * * *
It was a potion of brilliance.
You feel clever all of a sudden.
You are engulfed in a cloud of scalding steam.
* * * LOW HITPOINT WARNING * * *
The steam dragon barely misses you.
The steam dragon claws you but does no damage.
The ogre completely misses you.
It was a potion of attraction.
You feel attractive to monsters.
You are engulfed in a cloud of scalding steam.
* * * LOW HITPOINT WARNING * * *
The steam dragon breathes steam at you. The ball of steam misses you.
The ogre hits you with a +0 giant club!
You die...
Your body glows slightly and disappears.

#.+⌠......⌠+..# #.#
###### #.##
##.###....###.#
#..##......##.###
##...##....##....##
#.....#8..8#.......
#.#................
######O#§§####.###.#....
......D@§§§# #.# #.##.#.
.....#§###§# #.# #.##.#.
..# #. .# #.# #...†.. #.
.# #.# ####.## #. .. ..#
#.# ## .. ## ##.## ##.
##.#.# ##.###. #.## ##


You could see a steam dragon (catching breath) and an ogre.

Vanquished Creatures
  Pikel (D:4)
  A water moccasin (D:6)
  An ogre (D:4)
  A bullfrog (D:6)
  6 killer bees (D:6)
  A howler monkey (D:6)
  2 hounds
  4 centaur skeletons
  An orc priest (D:4)
  Jessica (D:2)
  Natasha (D:2)
  2 orc wizards (D:4)
  A hound skeleton (D:4)
  A howler monkey skeleton (D:4)
  3 adders
  2 worms
  2 dart slugs
  6 orcs
  2 ball pythons
  3 bats (D:3)
  10 endoplasms
  5 goblins
  3 hobgoblins
  4 quokkas
  3 frilled lizards
  5 kobolds
  6 rats
78 creatures vanquished.

Notes
Turn   | Place    | Note
-------+----------+-------------------------------------------
     0 | D:1      | innerfire433 the Demonspawn Monk began the quest for the
                  | Orb.
     0 | D:1      | Reached XP level 1. HP: 18/18 MP: 1/1
   337 | D:1      | Gained mutation: You may rarely emit foul miasma when
                  | damaged in melee. [demonic ancestry]
   337 | D:1      | Reached XP level 2. HP: 12/24 MP: 2/2
   719 | D:1      | Reached skill level 3 in Maces & Flails
  1276 | D:2      | Gained mutation: You have large cloven feet. [demonic
                  | ancestry]
  1276 | D:2      | Reached XP level 3. HP: 6/29 MP: 3/3
  1921 | D:2      | Reached XP level 4. HP: 32/37 MP: 4/4
  1982 | D:2      | Noticed Jessica
  1988 | D:2      | Killed Jessica
  2196 | D:2      | Noticed Natasha
  2203 | D:2      | Killed Natasha
  2270 | D:2      | Found a faded altar of an unknown god.
  2473 | D:3      | Reached XP level 5. HP: 40/42 MP: 5/5
  2553 | D:3      | Reached skill level 4 in Maces & Flails
  2869 | D:3      | Found a sparkling altar of Nemelex Xobeh.
  2874 | D:3      | Became a worshipper of Nemelex Xobeh the Trickster
  2874 | D:3      | Reached * piety under Nemelex Xobeh
  2874 | D:3      | Received a gift from Nemelex Xobeh
  2874 | D:3      | Reached ** piety under Nemelex Xobeh
  3480 | D:4      | Received a gift from Nemelex Xobeh
  3543 | D:4      | Noticed Pikel
  3544 | D:4      | Noticed a lemure
  3544 | D:4      | Noticed a lemure
  3545 | D:4      | Noticed a lemure
  3546 | D:4      | Noticed a lemure
  3552 | D:4      | Killed Pikel
  3553 | D:4      | Reached skill level 5 in Fighting
  3553 | D:4      | Reached skill level 5 in Maces & Flails
  3553 | D:4      | Reached XP level 6. HP: 37/51 MP: 6/6
  3553 | D:4      | Reached XP level 7. HP: 41/56 MP: 7/7
  3992 | D:4      | Reached skill level 6 in Maces & Flails
  4299 | D:4      | Reached skill level 5 in Dodging
  4493 | D:4      | You fall into a shaft and drop 2 floors!
  4594 | D:6      | Gained mutation: You have hoof-like feet. [demonic
                  | ancestry]
  4594 | D:6      | Reached XP level 8. HP: 60/63 MP: 8/8
  4668 | D:6      | Reached skill level 7 in Maces & Flails
  4743 | D:6      | Reached *** piety under Nemelex Xobeh
  4874 | D:6      | Found a shimmering altar of Xom.
  4876 | D:6      | Found a radiant altar of Vehumet.
  4908 | D:6      | HP: 3/64 [steam dragon] (10)]
  4908 | D:6      | Mangled by an ogre

Illustrated notes

Levels and vault maps discovered:
D:1:      onia_arrival_pentagram, layout_basic, minmay_pentomino_u2
D:2:      layout_basic, dreamdust_ecumenical_altar_angels_and_demons,
          uniq_natasha, uniq_jessica
D:3:      layout_loops_ring, nemelex_spade_bored_becter
D:4:      layout_loops_corners, minmay_starry_boxes, uniq_pikel
D:6:      layout_loops_corners, jmf_multi_god_temple,
          minmay_temple_entry_poolview, nicolae_ossuary_entry_monument,
          minmay_crossroads

Skill      XL: |  1  2  3  4  5  6  7  8 |
---------------+-------------------------+-----
Dodging        | 3 4 5 |  5.6
Maces & Flails | 3 5 6 7 |  7.2
Fighting       | 4 5 6 |  6.1
Stealth        | |  1.8

Action                   |  1- 3 |  4- 6 |  7- 9 || total
-------------------------+-------+-------+-------++-------
Melee: Mace              |    82 |    67 |       ||   149
       Kick              |     5 |    10 |       ||    15
       Punch             |       |     1 |       ||     1
       Whip              |       |       |   116 ||   116
Invok: Draw Destruction  |       |     5 |     3 ||     8
  Use: Potion            |       |       |     2 ||     2
Armor: Scale mail        |    45 |    45 |    58 ||   148
       Robe              |     1 |       |       ||     1
Dodge: Dodged            |    46 |    48 |    67 ||   161

Table legend: (Time is in decaauts)
 A = Elapsed time spent in this place.
 B = Non-inter-level travel time spent in this place.
 C = Inter-level travel time spent in this place.
 D = Time resting spent in this place.
 E = Time spent auto-exploring this place.
 F = Levels seen in this place.
 G = Mean time per level.
                   A        B        C        D        E       F      G
               +--------+--------+--------+--------+--------+-----+--------+
         Total |   4917 |   4867 |     50 |      0 |   4167 |   5 |  983.4 |
       Dungeon |   4917 |   4867 |     50 |      0 |   4167 |   5 |  983.4 |
               +--------+--------+--------+--------+--------+-----+--------+

Top non-repeatable levels by time:
     D:1: 1273 daAuts
     D:4: 1214 daAuts
     D:2: 1119 daAuts
     D:3: 908 daAuts
     D:6: 402 daAuts
